[Event "Early-Titled-Tuesday-Blitz-March-19-2024"]
[Site "Chess.com"]
[Date "2024.03.19"]
[Round "3"]
[White "ChessQueen"]
[Black "Misterfox120"]
[Result "1-0"]
[WhiteElo "2753"]
[BlackElo "2431"]
[TimeControl "180+1"]
[EndTime "8:27:46 PDT"]
[Termination "ChessQueen won by resignation"]

1. e4 e5 2. Nf3 Nf6 3. Nxe5 d6 4. Nf3 Nxe4 5. d3 Nf6 6. d4 d5 7. Bd3 Bd6 8. O-O O-O 9. Bg5 Bg4 10. Nbd2 Nbd7 11. c4 c6 12. c5 Bc7 13. b4 h6 14.
Bh4 Re8 15. Qc2 Qb8 16. Rfe1 Rxe1+ 17. Rxe1 Qf8 18. b5 Re8 19. Rb1 Ba5 20. bxc6 bxc6 21. h3 Bxd2 22. hxg4 Bf4 23. g5 hxg5 24. Bxg5 Bxg5 25.
Nxg5 g6 26. Nxf7 Qxf7 27. Bxg6 Qe6 28. Bxe8 Qxe8 29. Qf5 Qe4 30. Qxe4 Nxe4 31. Rb7 Ndf6 32. Rxa7 Nc3 33. Kf1 Nb5 34. Rb7 Nxd4 35. a4 Ne4 36. a5 Nxc5 37. Rb6 Nd7 38. Rb7 Nc5 39. Rb8+ Kf7 40.
Rb6 Nd7 41. Rb7 Ke8 42. a6 Nc5 43. a7 1-0

[Event "Early-Titled-Tuesday-Blitz-March-19-2024"]
[Site "Chess.com"]
[Date "2024.03.19"]
[Round "3"]
[White "Alexei_Gubajdullin"]
[Black "Kotofeyca"]
[Result "1-0"]
[WhiteElo "2659"]
[BlackElo "2452"]
[TimeControl "180+1"]
[EndTime "8:27:46 PDT"]
[Termination "Alexei_Gubajdullin won by resignation"]

1. Nf3 d5 2. g3 c6 3. Bg2 Bg4 4. O-O Nd7 5. d3 e5 6. Nbd2 Ngf6 7. e4 dxe4 8. dxe4 Bc5 9. h3 Bh5 10. Qe2 Qe7 11. a3 a5 12. b3 O-O 13. Bb2 Rfe8 14. Nc4 Bxf3 15. Qxf3 a4 16. b4 Bd4 17. c3 Ba7 18.
Ne3 Bxe3 19. Qxe3 b5 20. c4 bxc4 21. Rfc1 c5 22. Rxc4 cxb4 23. Rxb4 Nc5 24. Rc1 Nb3 25. Rc6 Red8 26. Bc3 Qd7 27. Rbb6 Nd4 28. Rd6 Qxd6 29.
Rxd6 Rxd6 30. f4 Rc8 31. Bb4 Rdc6 32. fxe5 Rc1+ 33. Kh2 Nc2 34. Qxc1 1-0

[Event "Early-Titled-Tuesday-Blitz-March-19-2024"]
[Site "Chess.com"]
[Date "2024.03.19"]
[Round "3"]
[White "gpsji27"]
[Black "Ural_bogatyr"]
[Result "1-0"]
[WhiteElo "2364"]
[BlackElo "2593"]
[TimeControl "180+1"]
[EndTime "8:27:48 PDT"]
[Termination "gpsji27 won by resignation"]

1. d4 Nf6 2. Nf3 d5 3. Bg5 c5 4. e3 Nc6 5. c3 Bf5 6. Nbd2 e6 7. Ne5 Be7 8. Bb5 Qb6 9. Qa4 Rc8 10. Ndf3 O-O 11.
Bxf6 gxf6 12. Nd7 Qc7 13. Nxf8 Bxf8 14. Bxc6 bxc6 15. dxc5 Bxc5 16. O-O e5 17. Qh4 Kg7 18. Qg3+ Bg6 19. Nh4 Bd6 20. Nf5+ Kh8 21. Qh4 Qd8 22. Nxd6 Qxd6 23. f4 exf4 24. exf4 Be4 25. Rad1 Rg8 26. Rf2 Rg6 27. f5 Rg5 28. Qxe4 1-0

[Event "Early-Titled-Tuesday-Blitz-March-19-2024"]
[Site "Chess.com"]
[Date "2024.03.19"]
[Round "3"]
[White "MasterKroket"]
[Black "Defend1r"]
[Result "0-1"]
[WhiteElo "2502"]
[BlackElo "2729"]
[TimeControl "180+1"]
[EndTime "8:27:49 PDT"]
[Termination "Defend1r won on time"]

1. e4 c5 2. Nf3 d6 3. d4 cxd4 4. Nxd4 Nf6 5. Nc3 a6 6. Be3 e5 7. Nb3 Be7 8. f3 Be6 9. Qd2 O-O 10. g4 b5 11. O-O-O Nbd7 12. g5 Nh5 13. Rg1 Nb6 14.
Nd5 Nxd5 15. exd5 Bf5 16. Bd3 Bxd3 17. Qxd3 g6 18. Nd2 f6 19. gxf6 Rxf6 20. Ne4 Rxf3 21.
Qe2 Rf5 22. Rdf1 Nf4 23. Qg4 Qf8 24. Bxf4 exf4 25. h4 Kh8 26. Ng5 Bxg5 27. hxg5 Re8 28. Rh1 f3 29. Rf2 Qe7 30. Rfh2 Qe3+ 31. Kd1 Rxd5+ 0-1

[Event "Early-Titled-Tuesday-Blitz-March-19-2024"]
[Site "Chess.com"]
[Date "2024.03.19"]
[Round "3"]
[White "Hikaru"]
[Black "moro182"]
[Result "1-0"]
[WhiteElo "3287"]
[BlackElo "2831"]
[TimeControl "180+1"]
[EndTime "8:27:50 PDT"]
[Termination "Hikaru won by resignation"]

1. Nf3 g6 2. e4 Bg7 3. d4 d6 4. Bc4 Nf6 5. Qe2 O-O 6. e5 dxe5 7. dxe5 Nd5 8. O-O Be6 9. Ng5 c6 10. Nxe6 fxe6 11. g3 Nd7 12. f4 b5 13. Bb3 g5 14.
c3 gxf4 15. gxf4 Kh8 16. Na3 Rg8 17. Kh1 Qf8 18. Bc2 Qf7 19. Bd2 Raf8 20. Rf3 Bh6 21.
Raf1 Qh5 22. Bd1 Qh4 23. Qf2 Qxf2 24. R3xf2 Rf7 25. Nc2 Nc5 26. Rf3 Ne4 27. Bc1 Rgf8 28. Nd4 Nxf4 29. Bc2 Nc5 30. b4 Nd7 31. Nxe6 Nxe5 32.
Rxf4 Bxf4 33. Bxf4 Rxf4 1-0

[Event "Early-Titled-Tuesday-Blitz-March-19-2024"]
[Site "Chess.com"]
[Date "2024.03.19"]
[Round "3"]
[White "kassablanca"]
[Black "Casper"]
[Result "0-1"]
[WhiteElo "2765"]
[BlackElo "2497"]
[TimeControl "180+1"]
[EndTime "8:27:50 PDT"]
[Termination "Casper won by checkmate"]

1. e3 d5 2. Nf3 Bg4 3. d4 Nf6 4. c4 e6 5. Nc3 Nc6 6. h3 Bh5 7.
Be2 dxc4 8. O-O Bd6 9. e4 Bxf3 10. gxf3 Nxd4 11. f4 e5 12. Bxc4 c6 13. fxe5 Bxe5 14.
f4 Bc7 15. e5 Ng8 16. Be3 Bb6 17. Na4 Qh4 18. Qg4 Qxg4+ 19. hxg4 Nc2 20. Bxb6 Nxa1 21.
Bf2 Nc2 22. Nc5 Nh6 23. Nxb7 Nxg4 24. Nd6+ Kd7 25. Bc5 Nce3 26. Bxe3 Nxe3 27. Rf3 Nxc4 28. Nxc4 Ke6 29. f5+ Kd5 30. b3 Rad8 31. Kf2 Ke4 32. Ke2 Rd4 33. f6 gxf6 34. Rxf6 Rg8 35. Rxf7 Rg2+ 36. Kf1 Rxa2 37. e6 Rd1# 0-1

[Event "Early-Titled-Tuesday-Blitz-March-19-2024"]
[Site "Chess.com"]
[Date "2024.03.19"]
[Round "3"]
[White "fandebobbyfischer"]
[Black "Anton_Demchenko"]
[Result "0-1"]
[WhiteElo "2688"]
[BlackElo "3015"]
[TimeControl "180+1"]
[EndTime "8:27:51 PDT"]
[Termination "Anton_Demchenko won on time"]

1. e4 e5 2. Nf3 Nc6 3. Bb5 a6 4. Ba4 Nge7 5. O-O Ng6 6. c3 d6 7. h3 Be7 8. d4 O-O 9. Re1 Kh8 10. Bc2 f5 11. dxe5 Ngxe5 12. exf5 Bxf5 13. Bxf5 Rxf5 14. Nd4 Nxd4 15. cxd4 Nc6 16. Nc3 Bh4 17. Be3 Qf8 18.
Rf1 Re8 19. Qg4 Bd8 20. Rae1 Re6 21. d5 Ne5 22. Qxf5 Qxf5 23. dxe6 Qxe6 24. f4 Nd3 25.
Re2 Qf7 26. Bd4 h6 27. Rf3 Nc5 28. Ne4 Qc4 0-1

[Event "Early-Titled-Tuesday-Blitz-March-19-2024"]
[Site "Chess.com"]
[Date "2024.03.19"]
[Round "3"]
[White "DarZay"]
[Black "LornerAcosta"]
[Result "0-1"]
[WhiteElo "2336"]
[BlackElo "2601"]
[TimeControl "180+1"]
[EndTime "8:27:51 PDT"]
[Termination "LornerAcosta won by resignation"]

1. e4 c5 2. Nc3 Nc6 3. Bb5 Nd4 4. Bc4 e6 5. Nf3 Ne7 6. d3 Nec6 7. a4 a6 8. Be3 Be7 9. O-O O-O 10. Nd2 Rb8 11.
f4 b5 12. axb5 axb5 13. Ba2 Nb4 14. Bxd4 cxd4 15. Ne2 Qb6 16. Nf3 Bc5 17. Bb3 Bb7 18. Qe1 f5 19. Ne5 Qc7 20. exf5 Rxf5 21. Ng3 Rf6 22.
Nh5 Rh6 23. Qh4 Bd6 24. Qg5 Bxe5 25. fxe5 Rg6 26. Qd2 Rxg2+ 27. Qxg2 Bxg2 28. Kxg2 Nxc2 29. Rac1 Ne3+ 30. Kh1 Qb7+ 0-1

[Event "Early-Titled-Tuesday-Blitz-March-19-2024"]
[Site "Chess.com"]
[Date "2024.03.19"]
[Round "3"]
[White "Ati1517"]
[Black "ArchibaldCerveza29"]
[Result "1-0"]
[WhiteElo "2234"]
[BlackElo "2416"]
[TimeControl "180+1"]
[EndTime "8:27:52 PDT"]
[Termination "Ati1517 won by resignation"]

1. e4 e5 2. Nf3 Nf6 3. Nc3 Nc6 4. Bb5 Nd4 5. Bc4 c6 6. O-O d6 7. d3 Bg4 8. Be3 Be7 9. Bxd4 exd4 10. Ne2 b5 11.
Bb3 Bxf3 12. gxf3 c5 13. c3 dxc3 14. bxc3 O-O 15. a4 a6 16. d4 c4 17. Bc2 Nh5 18. Ng3 Nf4 19. Kh1 Bf6 20. Qd2 Ng6 21. f4 Qd7 22. Qe3 Rfe8 23. e5 Nf8 24. Qf3 Be7 25.
axb5 axb5 26. Rxa8 Rxa8 27. Qxa8 d5 28. Nf5 Bd8 29. Qb8 g6 30. Ng3 Kg7 31. Qd6 Qc8 32. f5 Bg5 33. f4 Bh4 34. fxg6 hxg6 35. Kg2 Qg4 36. Qxd5 Ne6 37. Qf3 Nxf4+ 38. Qxf4 Bxg3 39. Qxg4 1-0

[Event "Early-Titled-Tuesday-Blitz-March-19-2024"]
[Site "Chess.com"]
[Date "2024.03.19"]
[Round "3"]
[White "OparinGrigoriy"]
[Black "Elegance_Riks"]
[Result "1-0"]
[WhiteElo "2983"]
[BlackElo "2762"]
[TimeControl "180+1"]
[EndTime "8:27:53 PDT"]
[Termination "OparinGrigoriy won by resignation"]

1. Nc3 d5 2. d4 Nf6 3. Bf4 a6 4. e3 e6 5. g4 Bd6 6. Qf3 Bb4 7.
Ne2 Ne4 8. a3 Bxc3+ 9. Nxc3 Nxc3 10. bxc3 Bd7 11. Qg3 Bb5 12. Bxc7 Qc8 13. Kd2 Bxf1 14.
Rhxf1 O-O 15. Bxb8 Rxb8 16. Rfb1 b5 17. a4 Qc6 18. axb5 axb5 19. Rb3 Rfc8 20. Ke1 Rb7 21. Kf1 b4 22. Rab1 Qb5+ 23. Kg2 Rbc7 24. Rxb4 Qd7 25. R1b3 g6 26. Rb8 Rxb8 27. Rxb8+ Rc8 28. g5 Qd8 29. Rb7 Rxc3 30. Qf4 Qf8 31. Rb2 Rc8 32. h4 Qe7 33. Qf6 Qxf6 34. gxf6 Kf8 35. Kg3 Ke8 36. Kf4 h6 37.
Ke5 Kd7 38. Rb7+ Rc7 39. Rxc7+ Kxc7 40. e4 Kc6 41. exd5+ exd5 42. f3 1-0

[Event "Early-Titled-Tuesday-Blitz-March-19-2024"]
[Site "Chess.com"]
[Date "2024.03.19"]
[Round "3"]
[White "GolfBeforeChess"]
[Black "Muracle"]
[Result "0-1"]
[WhiteElo "2293"]
[BlackElo "2548"]
[TimeControl "180+1"]
[EndTime "8:27:57 PDT"]
[Termination "Muracle won by resignation"]

1. Nf3 Nf6 2. c4 c6 3. g3 d5 4. b3 g6 5. Bb2 Bg7 6. Bg2 O-O 7. O-O a5 8. a3 a4 9. cxd5 cxd5 10. bxa4 Bd7 11.
Nc3 Ne4 12. Qb3 Nxc3 13. Bxc3 Bxc3 14. dxc3 e6 15. Qxb7 Rxa4 16. Ne5 Be8 17. Rfd1 Na6 18. c4 Nc5 19. Qb2 f6 20. Ng4 Rxc4 21. Ne3 Na4 22. Qb7 Rc7 23. Qa6 Qc8 24. Ng4 Qxa6 0-1

[Event "Early-Titled-Tuesday-Blitz-March-19-2024"]
[Site "Chess.com"]
[Date "2024.03.19"]
[Round "3"]
[White "francyIM"]
[Black "TitarovVasiliYouTube"]
[Result "1-0"]
[WhiteElo "2821"]
[BlackElo "2531"]
[TimeControl "180+1"]
[EndTime "8:27:58 PDT"]
[Termination "francyIM won on time"]

1. e4 c5 2. c3 Nf6 3. e5 Nd5 4. d4 cxd4 5. Nf3 d6 6. cxd4 Nc6 7. Bc4 dxe5 8. dxe5 Ndb4 9. Qb3 e6 10. a3 Na6 11. O-O Be7 12. Qe3 O-O 13. Nc3 b6 14.
Rd1 Qc7 15. Nb5 Qb8 16. b4 Bb7 17. Bb2 Nc7 18. Nd6 Nd5 19. Bxd5 exd5 20. Nf5 Bc8 21. N3d4 Bxf5 22. Nxf5 Qc8 23. g4 Qe6 24. Rac1 Rac8 25. h3 g6 26. Nh6+ Kh8 27. f4 f5 28. g5 Rfd8 29.
h4 Bf8 30. Kh2 Bxh6 31. gxh6 Ne7 32. Kh3 Ng8 33. Qb3 Nxh6 34. Rxc8 Rxc8 35. Qxd5 Re8 36. Qxe6 Rxe6 37. Rd8+ Kg7 38. Rd7+ Nf7 39. b5 Kf8 40. a4 Re8 41. Ba3+ Kg8 42. Be7 1-0

[Event "Early-Titled-Tuesday-Blitz-March-19-2024"]
[Site "Chess.com"]
[Date "2024.03.19"]
[Round "3"]
[White "amanjazu"]
[Black "bubeliang"]
[Result "0-1"]
[WhiteElo "2523"]
[BlackElo "2792"]
[TimeControl "180+1"]
[EndTime "8:27:58 PDT"]
[Termination "bubeliang won on time"]

1. g3 h5 2. h4 Nf6 3. Nf3 g6 4. Bg2 Bg7 5. c4 O-O 6. Nc3 d5 7. cxd5 Nxd5 8. e4 Nb4 9. O-O c5 10. Ne1 N8c6 11. d3 Ne5 12. Nd5 Nxd5 13. exd5 b6 14.
Bf4 Bb7 15. Qe2 Ng4 16. d6 Qc8 17. Qxe7 Bxg2 18. Nxg2 Qc6 19. f3 Bd4+ 20. Kh1 Nf2+ 21.
Kh2 Nxd3 22. Rad1 Nxf4 23. Nxf4 Rad8 24. Rxd4 cxd4 25. Nxh5 Rxd6 26. Qg5 Qc5 27. Nf6+ Rxf6 28. Qxf6 Re8 29. Rd1 Qc2+ 0-1

[Event "Early-Titled-Tuesday-Blitz-March-19-2024"]
[Site "Chess.com"]
[Date "2024.03.19"]
[Round "3"]
[White "Rutricks"]
[Black "SARGISMV"]
[Result "1-0"]
[WhiteElo "2708"]
[BlackElo "2478"]
[TimeControl "180+1"]
[EndTime "8:27:58 PDT"]
[Termination "Rutricks won by checkmate"]

1. Nc3 c5 2. Nf3 Nf6 3. d4 cxd4 4. Qxd4 Nc6 5. Qh4 e6 6. Bg5 Be7 7. O-O-O h6 8. e4 Rh7 9. Bd2 d5 10. exd5 Nxd5 11. Qe4 f5 12. Qe1 Bf6 13. Bc4 Nce7 14. Nxd5 Nxd5 15. Ba5 Qe7 16. Bxd5 exd5 17. Qd2 Bg5 18.
Nxg5 Qxg5 19. Rhe1+ Kf7 20. f4 Qf6 21. Qxd5+ Kg6 22.
Rd3 Rh8 23. Bc3 Qh4 24. Rg3+ Kh5 25. Qf7+ g6 26. Qxg6# 1-0

[Event "Early-Titled-Tuesday-Blitz-March-19-2024"]
[Site "Chess.com"]
[Date "2024.03.19"]
[Round "3"]
[White "MdChess1734"]
[Black "BozeKat"]
[Result "1-0"]
[WhiteElo "2363"]
[BlackElo "2046"]
[TimeControl "180+1"]
[EndTime "8:27:58 PDT"]
[Termination "MdChess1734 won by resignation"]

1. e4 d5 2. exd5 Nf6 3. Nc3 Nxd5 4. Bc4 e6 5. Nf3 Be7 6. O-O O-O 7. d4 a6 8. Re1 b5 9. Bxd5 exd5 10. Nxd5 Qxd5 11.
Rxe7 Be6 12. Rxc7 Nc6 13. Bf4 Bg4 14. c3 Rae8 15. h3 Bh5 16. Qd3 Bg6 17. Qd2 Be4 18. Nh4 Qh5 19. Bg3 f5 20. d5 f4 21. dxc6 fxg3 22.
fxg3 Bd5 23. Qd4 Rf7 24. Rxf7 Qxf7 25. c7 Qe6 26. Rd1 Qe7 27. Qxd5+ 1-0

[Event "Early-Titled-Tuesday-Blitz-March-19-2024"]
[Site "Chess.com"]
[Date "2024.03.19"]
[Round "3"]
[White "Rodalquilar"]
[Black "Incognizance"]
[Result "1-0"]
[WhiteElo "2786"]
[BlackElo "1888"]
[TimeControl "180+1"]
[EndTime "8:28:00 PDT"]
[Termination "Rodalquilar won by resignation"]

1. d4 Nf6 2. Nf3 d5 3. Bf4 e6 4. e3 c5 5. Nbd2 Nc6 6. c3 Bd6 7. Bg3 O-O 8. Bd3 b6 9. e4 Be7 10. e5 Nh5 11. Ng5 g6 12. Nxh7 cxd4 13. Nxf8 dxc3 14. Nxg6 cxd2+ 15. Kf1 fxg6 16. Bxg6 Ng7 17. Qxd2 Ba6+ 18. Kg1 Bg5 19. f4 Be7 20. h4 Bc5+ 21.
Kh2 Nd4 22. b4 Ndf5 23. Bxf5 Nxf5 24. bxc5 bxc5 25. Qd1 Qf8 26. Qh5 Qf7 27. Qxf7+ Kxf7 28. Bf2 d4 29. g4 Nh6 30. Rhg1 Rg8 31. g5 Nf5 32. Rac1 Rh8 33. Rxc5 Nxh4 34. Rc7+ Kg6 35. Bxh4 Rxh4+ 36. Kg3 Rh8 37. Rc6 Bb5 38. Rxe6+ Kf5 39. Rf6+ Ke4 40. Re1+ Kd5 41. Rd6+ Kc5 42. Rc1+ Bc4 43.
Rd7 Kb4 44. Rxd4 1-0

[Event "Early-Titled-Tuesday-Blitz-March-19-2024"]
[Site "Chess.com"]
[Date "2024.03.19"]
[Round "3"]
[White "VladimirBugayev"]
[Black "MKlose11"]
[Result "0-1"]
[WhiteElo "2331"]
[BlackElo "2595"]
[TimeControl "180+1"]
[EndTime "8:28:01 PDT"]
[Termination "MKlose11 won by checkmate"]

1. e4 e6 2. d4 d5 3. Bd3 Be7 4. Ne2 c5 5. exd5 exd5 6. c3 Nf6 7. O-O O-O 8. Bf4 Nc6 9. dxc5 Bxc5 10. Nd2 Bg4 11.
Nb3 Bb6 12. Qc2 Rc8 13. a3 Re8 14. Ng3 a5 15. Bf5 a4 16. Bxc8 axb3 17. Qxb3 Bxc8 18. Rad1 Be6 19. Qb5 h6 20. c4 d4 21. c5 Bc7 22.
Bxc7 Qxc7 23. b4 Rd8 24. Qd3 Ne5 25. Qb1 Nc4 26. Qd3 Nb2 27. Qb5 Nxd1 28. Rxd1 Qc6 29. Qd3 Bg4 30. f3 Be6 31. Ne2 Qa4 32. Nxd4 Ra8 33. Nb5 Bd7 34. Nc7 Rc8 35. Qd6 Rxc7 36. Qxc7 Qxd1+ 37. Kf2 Qd2+ 38. Kg3 Nh5+ 39. Kh4 Qg5# 0-1

[Event "Early-Titled-Tuesday-Blitz-March-19-2024"]
[Site "Chess.com"]
[Date "2024.03.19"]
[Round "3"]
[White "ploxoi"]
[Black "guillembaches"]
[Result "1-0"]
[WhiteElo "2431"]
[BlackElo "2549"]
[TimeControl "180+1"]
[EndTime "8:28:01 PDT"]
[Termination "ploxoi won on time"]

1. d4 d5 2. c4 e6 3. Nf3 a6 4. Nc3 Nf6 5. cxd5 exd5 6. Bg5 Be6 7. e3 Nbd7 8. Rc1 Bd6 9. Bd3 c6 10. O-O Qc7 11. a3 h6 12. Bh4 g5 13. Bg3 Bxg3 14.
hxg3 Qd6 15. b4 Rg8 16. Na4 h5 17. Nc5 Nxc5 18. bxc5 Qe7 19. Rb1 h4 20. Qb3 hxg3 21.
Qxb7 gxf2+ 22. Rxf2 Qxb7 23. Rxb7 Ng4 24. Re2 Kf8 25.
Rb6 Bd7 26. e4 dxe4 27. Bxe4 Re8 28. Kf1 Re6 29. Rb8+ Kg7 30. Rxg8+ Kxg8 31. Nxg5 Rh6 32. Kg1 Rh4 33. Bf3 Nf6 34. Ne4 Nd5 35. Rb2 Bf5 36. Nd6 Bg6 37. Bxd5 cxd5 38. c6 Bh5 39. Nf5 1-0

[Event "Early-Titled-Tuesday-Blitz-March-19-2024"]
[Site "Chess.com"]
[Date "2024.03.19"]
[Round "3"]
[White "AnishOnYoutube"]
[Black "laziestwin"]
[Result "1-0"]
[WhiteElo "3025"]
[BlackElo "2568"]
[TimeControl "180+1"]
[EndTime "8:28:02 PDT"]
[Termination "AnishOnYoutube won by resignation"]

1. e4 c5 2. Nf3 e6 3. c3 Nc6 4. d4 cxd4 5. cxd4 d5 6. e5 f6 7. Bb5 Bd7 8. Nc3 fxe5 9. Bxc6 bxc6 10. Nxe5 Nf6 11. O-O Bd6 12. Bf4 O-O 13. Bg3 c5 14.
Re1 Rc8 15. Nf3 Bxg3 16. hxg3 Qb6 17. Rb1 Be8 18. dxc5 Rxc5 19. Qd2 Rc7 20. Nd4 Bf7 21. Rbd1 Rb8 22. Qf4 Rbc8 23. Rd2 h6 24. g4 a5 25. g5 hxg5 26. Qxg5 Rc4 27. Qe3 Re8 28. Nf3 Qxe3 29. Rxe3 Rb8 30. Ne5 Rcb4 31. Ree2 Ng4 32. Nc6 e5 33. Nxb8 Rxb8 34. Nxd5 1-0

[Event "Early-Titled-Tuesday-Blitz-March-19-2024"]
[Site "Chess.com"]
[Date "2024.03.19"]
[Round "3"]
[White "venturov"]
[Black "ulises2013"]
[Result "0-1"]
[WhiteElo "2475"]
[BlackElo "2704"]
[TimeControl "180+1"]
[EndTime "8:28:02 PDT"]
[Termination "ulises2013 won by resignation"]

1. e4 g6 2. d4 Bg7 3. f4 c5 4.
c3 cxd4 5. cxd4 d5 6. e5 Nc6 7. Nc3 Nh6 8. Nf3 Bg4 9. Be2 Nf5 10. h3 Bxf3 11. Bxf3 e6 12. O-O O-O 13. Kh2 Nfxd4 14. Be3 Nxf3+ 15. Qxf3 f6 16. exf6 Qxf6 17. Bc5 Rfe8 18. Rae1 b6 19. Bd6 Rad8 20. Be5 Nxe5 21. Rxe5 Qf7 22. Ree1 Bxc3 23. Qxc3 Rc8 24. Qe5 Rc4 25. f5 gxf5 26. Rf3 f4 27. Ref1 Rf8 28. g3 Qf6 29. Qd6 Rc2+ 30. Kh1 Qf5 31. gxf4 Kh8 32.
Rg1 Rcc8 33. Qa3 Qe4 34. b3 Qxf3+ 35. Kh2 Rc2+ 0-1

[Event "Early-Titled-Tuesday-Blitz-March-19-2024"]
[Site "Chess.com"]
[Date "2024.03.19"]
[Round "3"]
[White "KuzubovYuriy"]
[Black "Winner_7777"]
[Result "1-0"]
[WhiteElo "2906"]
[BlackElo "2646"]
[TimeControl "180+1"]
[EndTime "8:28:03 PDT"]
[Termination "KuzubovYuriy won by resignation"]

1. d4 d5 2. c4 e6 3. Nf3 c6 4.
Qc2 dxc4 5. Qxc4 Nf6 6. Bg5 b5 7. Qc2 Bb7 8. Nbd2 Na6 9. e4 h6 10. Bxf6 Qxf6 11. Be2 Bb4 12. O-O O-O 13. Nb3 Rac8 14. a3 Be7 15. Na5 Ba8 16. b4 Rfd8 17. Rac1 Nb8 18. Rfd1 Nd7 19. e5 Qf4 20. g3 Qg4 21. Ne1 Qh3 22. Bf3 Nb6 23. Qe2 Qf5 24. Be4 Qg5 25. h4 1-0

[Event "Early-Titled-Tuesday-Blitz-March-19-2024"]
[Site "Chess.com"]
[Date "2024.03.19"]
[Round "3"]
[White "LLariMarc"]
[Black "RantomOpening"]
[Result "1-0"]
[WhiteElo "2416"]
[BlackElo "2603"]
[TimeControl "180+1"]
[EndTime "8:28:03 PDT"]
[Termination "LLariMarc won by resignation"]

1. d4 d5 2. Nf3 Nc6 3. Bf4 Bg4 4. Nbd2 e6 5. e3 Bd6 6. Bxd6 Qxd6 7. h3 Bh5 8. Be2 f5 9. O-O Nf6 10. c4 O-O 11.
Rc1 Ne4 12. cxd5 exd5 13. Ne1 Bxe2 14. Qxe2 Rae8 15. Nd3 f4 16. Nxf4 Nxd4 17. Qd3 Nc6 18. Nxe4 dxe4 19. Qxd6 cxd6 20. Rfd1 Rd8 21. Ne6 Kf7 22.
Nxf8 Kxf8 23. Kf1 Ke7 24. Ke2 d5 25. a3 Kd6 26. b4 Ne5 27. Rc5 Nd3 28. Rxd3 exd3+ 29. Kxd3 Rf8 30. f3 Rf6 31. g4 Rh6 32. Rc8 Rxh3 33. Rf8 Kc6 34. Rf7 g6 35. g5 b6 36.
Kd4 Rh1 37. Rxa7 Rd1+ 38. Ke5 Rd3 39. Kf4 d4 40. exd4 Rxd4+ 41. Ke5 Rd3 42. f4 Re3+ 43.
Kf6 Re4 44. Rxh7 Rxf4+ 45. Kxg6 Kb5 46. Rh3 Ka4 47. Kh7 Rf7+ 48. Kh8 Rf8+ 49. Kg7 Rd8 50. g6 b5 51. Rh4 Kxa3 52. Kh7 Rd7+ 53. g7 Rc7 54.
Kh8 Rc4 55. Rxc4 bxc4 56. b5 Kb4 57. b6 c3 58. b7 c2 59. b8=Q+ Kc3 60. Qc7+ Kb2 61.
Qb6+ Ka1 62. Qc5 Kb1 63. Qb4+ Ka1 64. Qc3+ Kb1 65. Qb3+ Ka1 66. g8=Q c1=N 67. Qa8+ 1-0

[Event "Early-Titled-Tuesday-Blitz-March-19-2024"]
[Site "Chess.com"]
[Date "2024.03.19"]
[Round "3"]
[White "Pragmatist237"]
[Black "hsd2016"]
[Result "1-0"]
[WhiteElo "2313"]
[BlackElo "2328"]
[TimeControl "180+1"]
[EndTime "8:28:04 PDT"]
[Termination "Pragmatist237 won by resignation"]

1. e4 c5 2. Nf3 g6 3. d4 cxd4 4. Nxd4 Bg7 5. Be3 Nc6 6. c4 Nf6 7. Nc3 d6 8. Be2 O-O 9. O-O Bd7 10. f3 Rc8 11. Rc1 a6 12. Qd2 Re8 13. Nxc6 Bxc6 14. b4 Bd7 15. a4 Be6 16. Nd5 Nxd5 17. cxd5 Bd7 18. a5 e5 19. dxe6 Bxe6 20. Rxc8 Qxc8 21.
Rc1 Qd7 22. Bd4 d5 23. Bxg7 Kxg7 24. Rd1 Rd8 25. exd5 Bf5 26. Qd4+ f6 27. Bc4 Qd6 28. Qc5 Qf4 29. Qe7+ Kh6 30. Qxd8 Qxc4 31. Qxf6 1-0

[Event "Early-Titled-Tuesday-Blitz-March-19-2024"]
[Site "Chess.com"]
[Date "2024.03.19"]
[Round "3"]
[White "RoelandPruijssers"]
[Black "TigrVShlyape"]
[Result "1-0"]
[WhiteElo "2704"]
[BlackElo "2904"]
[TimeControl "180+1"]
[EndTime "8:28:06 PDT"]
[Termination "RoelandPruijssers won on time"]

1. e4 c5 2. Nf3 e6 3. d4 cxd4 4. Nxd4 a6 5. Bd3 Bc5 6. Nb3 Ba7 7. O-O Ne7 8. Qe2 O-O 9. Rd1 Nbc6 10. Be3 Qc7 11.
Bxa7 Rxa7 12. c4 b6 13. Nc3 Qb8 14. Qe3 e5 15. Nd5 Nxd5 16. exd5 Nb4 17. Bb1 a5 18. a3 Na6 19. d6 Re8 20. Rd5 f6 21. Qh3 g6 22. Bxg6 hxg6 23. Qh6 Re6 24. Qxg6+ Kf8 25. Nd4 1-0

[Event "Early-Titled-Tuesday-Blitz-March-19-2024"]
[Site "Chess.com"]
[Date "2024.03.19"]
[Round "3"]
[White "martinbitel"]
[Black "Lion-Al-Messi"]
[Result "0-1"]
[WhiteElo "2413"]
[BlackElo "2624"]
[TimeControl "180+1"]
[EndTime "8:28:07 PDT"]
[Termination "Lion-Al-Messi won on time"]

1. d4 Nf6 2. c4 b6 3. Nc3 Bb7 4. f3 d5 5. cxd5 Nxd5 6. e4 Nxc3 7. bxc3 e6 8. Bb5+ c6 9. Ba4 Nd7 10. Ne2 Be7 11. O-O O-O 12. Be3 c5 13. Ng3 Nf6 14. Bc2 Rc8 15. e5 Nd5 16. Qd3 g6 17. Bh6 Re8 18.
Ba4 cxd4 19. Bxe8 Rxc3 20. Bxf7+ Kxf7 21. Qd2 Ba6 22. Rfd1 Bc5 23. Ne4 Rc2 24. Qe1 Be7 25.
Rxd4 Qc7 26. Rad1 Kg8 27. Qg3 Rxa2 28. h4 Be2 29. Re1 Bc5 30. Nxc5 Qxc5 31. Qf2 Bc4 32. Rd2 Rxd2 33. Bxd2 Qxf2+ 34. Kxf2 a5 35. h5 a4 36. hxg6 hxg6 37. f4 a3 38. g4 a2 39. Kf3 Bd3 0-1

[Event "Early-Titled-Tuesday-Blitz-March-19-2024"]
[Site "Chess.com"]
[Date "2024.03.19"]
[Round "3"]
[White "noblerone"]
[Black "AlexeiShirov"]
[Result "0-1"]
[WhiteElo "2536"]
[BlackElo "2849"]
[TimeControl "180+1"]
[EndTime "8:28:09 PDT"]
[Termination "AlexeiShirov won on time"]

1. d4 d5 2. c4 c6 3. Nf3 Nf6 4. Nc3 e6 5. cxd5 exd5 6. Bg5 h6 7. Bh4 Bf5 8. e3 Nbd7 9. Bd3 Bxd3 10. Qxd3 Be7 11.
O-O O-O 12. Rab1 Re8 13. b4 a6 14. a4 b5 15. a5 Ne4 16. Bxe7 Qxe7 17. Nd2 Nd6 18.
Nb3 Nc4 19. Nc5 Nxc5 20. dxc5 Rad8 21. Ne2 Qf6 22. Nd4 Re4 23. Rbe1 Rde8 24. Re2 h5 25. Rfe1 h4 26. h3 g6 27. Nf3 Kg7 28. Nd4 g5 29. f3 R4e5 30. e4 dxe4 31. fxe4 Qg6 32. Nf5+ Kh7 33.
Rf1 R5e6 34. Qd7 Rxe4 35. Rxe4 Rxe4 36. Ng3 hxg3 37. Rxf7+ Kh6 38. Rf1 Rf4 39. Re1 Qf6 40.
Qe8 Nd2 0-1

[Event "Early-Titled-Tuesday-Blitz-March-19-2024"]
[Site "Chess.com"]
[Date "2024.03.19"]
[Round "3"]
[White "Alina_Gumerovna"]
[Black "IPAchess"]
[Result "1-0"]
[WhiteElo "2169"]
[BlackElo "2387"]
[TimeControl "180+1"]
[EndTime "8:28:09 PDT"]
[Termination "Alina_Gumerovna won by resignation"]

1. e4 e5 2. Nf3 Nc6 3. d4 exd4 4. Nxd4 Nf6 5. Nxc6 bxc6 6. e5 Qe7 7. Qe2 Nd5 8.
c4 Ba6 9. b3 g6 10. Bb2 Bg7 11. g3 O-O 12. Bg2 Rfe8 13. O-O Bxe5 14. Qxe5 Qxe5 15. Bxe5 Rxe5 16. cxd5 Bxf1 17. Kxf1 cxd5 18.
Nc3 c6 19. Re1 Rxe1+ 20. Kxe1 Kg7 21. Kd2 Kf6 22. f4 Ke6 23. Kd3 Kd6 24. Ne2 a6 25. Nd4 c5 26. Nf3 f6 27. Nd2 Re8 28. Nf3 a5 29. a4 Rb8 30. Kc3 Re8 31. Kd3 Re7 32. Bh3 d4 33. Nd2 Re3+ 34. Kc2 Re2 35. Kd1 Rxh2 36. Nc4+ Kc7 37. Bg4 d5 38. Nxa5 Kb6 39.
b4 cxb4 40. Nb3 Rg2 41. Be2 Rxg3 42. a5+ Kc6 43. Nxd4+ Kc5 44. Ne6+ Kd6 45. Nd4 Ra3 46. a6 h5 47. Nb5+ Kc6 48. Nxa3 bxa3 49. Kc2 Kb6 50. Kb3 h4 51. Kxa3 h3 52. Kb4 h2 53. Bf3 Kxa6 54.
Kc5 g5 55. f5 g4 56. Bxd5 g3 57. Bh1 1-0